 Dungeon Crawl Stone Soup version 0.23.1 (webtiles) character file.

Game seed: 10747642375324795565

526 Bapho the Cleaver (level 7, 0/63 HPs)
             Began as a Hill Orc Monk on Mar 7, 2019.
             Was a Believer of the Shining One.
             Slain by Pikel
             ... wielding a +2 whip of electrocution
              (20 damage)
             ... on level 5 of the Dungeon.
             The game lasted 00:09:47 (4738 turns).

Bapho the Cleaver (Hill Orc Monk)                   Turns: 4738, Time: 00:09:47

Health: 0/63       AC:  9    Str: 16    XL:     7   Next: 23%
Magic:  7/7        EV:  7    Int: 10    God:    the Shining One [**....]
Gold:   247        SH:  0    Dex: 17    Spells: 6/6 levels left

rFire    . . .     SeeInvis .   a - +0 hand axe
rCold    . . .     Gourm    .   (no shield)
rNeg     + . .     Faith    .   r - +0 chain mail
rPois    .         Spirit   .   (no helmet)
rElec    .         Reflect  .   (no cloak)
rCorr    .         Harm     .   (no gloves)
MR       .....                  z - +0 pair of boots
Stlth    ..........             (no amulet)
HPRegen  0.20/turn              g - +3 ring of slaying
MPRegen  0.10/turn              w - +4 ring of dexterity

@: hasted, glowing, drained, very quick
A: no striking features
a: Divine Shield, Renounce Religion


You were on level 5 of the Dungeon.
You worshipped the Shining One.
The Shining One was pleased with you.
You were not hungry.

You visited 2 branches of the dungeon, and saw 7 of its levels.

You collected 247 gold pieces.

Inventory:

Hand Weapons
 a - a +0 hand axe (weapon)
 A - a +2 scimitar of freezing
 D - the +6 whip of the Desolation of Salt {freeze, rElec Stlth+}
   (You found it on level 4 of the Dungeon)

   It has been specially enchanted to freeze those struck by it, causing extra
   injury to most foes and up to half again as much damage against particularly
   susceptible opponents.
   It can also slow down cold-blooded creatures.
   It insulates you from electricity.
   It makes you more stealthy.
Missiles
 e - 49 arrows
 m - 69 stones (quivered)
 C - 3 tomahawks
Armour
 b - a +0 robe
 h - a +0 scale mail
 r - a +0 chain mail (worn)
 z - a +0 pair of boots (worn)
Jewellery
 g - a +3 ring of slaying (left hand)
 n - an uncursed ring of poison resistance
 o - an uncursed amulet of harm
 t - an uncursed ring of fire
 w - a +4 ring of dexterity (right hand)
Wands
 E - a wand of scattershot (4)
Scrolls
 d - 3 scrolls of remove curse {unknown}
 k - 3 scrolls of identify {unknown}
 l - 2 scrolls of teleportation {unknown}
 q - 2 scrolls of blinking {unknown}
 v - 2 scrolls of noise {unknown}
 x - a scroll of magic mapping {unknown}
 y - a scroll of fog {unknown}
Potions
 f - a potion of might {unknown}
 i - a potion of brilliance {unknown}
 j - 2 potions of curing
 p - a potion of heal wounds
 s - a potion of haste
 u - a potion of lignification {unknown}
 B - a potion of degeneration {unknown}
Comestibles
 c - 9 rations


   Skills:
 - Level 6.0(5.4) Fighting
 * Level 8.8(8.2) Axes
 + Level 1.0(0.4) Armour
 + Level 2.6(2.0) Dodging
 - Level 1.5(1.0) Stealth


You had 6 spell levels left.
You didn't know any spells.
Your spell library was empty.

Dungeon Overview and Level Annotations

Branches:
Dungeon (6/15)             Temple (1/1) D:4

Altars:
Elyvilon
Fedhas
Gozag
Nemelex Xobeh
Qazlal
Sif Muna
Uskayaw
Vehumet
Wu Jian
Xom
The Shining One

Annotations:
D:5 Pikel


Message History

You hit Pikel but do no damage.
Pikel is severely wounded.
You hit Pikel.
Pikel is almost dead.
Pikel closely misses you.
You completely miss Pikel.
Pikel is almost dead.
You hit Pikel.
Pikel is almost dead.
Pikel hits you with a +2 whip of electrocution.
You hit Pikel but do no damage.
Pikel is almost dead.
You hit Pikel.
Pikel is almost dead.
Pikel barely misses you.
You hit Pikel but do no damage.
Pikel is almost dead.
Pikel hits you with a +2 whip of electrocution.
You are electrocuted!!
You die...

..#.....#.....# #.#
#.##..........# #.#
#(##..#.......####.######.#
#(##..........#<....^.....#
#(##.#######.##......######
#)##.# #.##..###.### #[##.#
#.##..# #...# #>...#
#.....###.#.# #p##....#
#@###.....#.# #.......#
#K#########.######
#####.#.#######op............>..
...#..p......#########.######
#########.##### #.#
#.#############.#
#...............#
#################


You could see Pikel, a slave and an orc.

Vanquished Creatures
  3 slaves
  A scorpion (D:4)
  A howler monkey (D:4)
  A jelly (D:6)
  2 hounds
  A centaur skeleton (D:4)
  An orc priest (D:4)
  A bullfrog skeleton (D:4)
  An iguana (D:4)
  2 worker ants (D:4)
  2 orc wizards
  4 adders (D:2)
  3 oozes
  An adder skeleton (D:4)
  3 worms
  A dart slug (D:1)
  2 leopard geckos
  8 orcs
  12 bats
  3 giant cockroaches
  7 goblins
  6 hobgoblins
  2 jackals (D:2)
  A quokka (D:3)
  6 frilled lizards
  8 kobolds
  8 rats
91 creatures vanquished.

Vanquished Creatures (others)
  A goblin (D:3)
  A kobold (D:3)
2 creatures vanquished.

Grand Total: 93 creatures vanquished

Notes
Turn   | Place    | Note
-------+----------+-------------------------------------------
     0 | D:1      | Bapho the Hill Orc Monk began the quest for the Orb.
     0 | D:1      | Reached XP level 1. HP: 19/19 MP: 1/1
   123 | D:1      | Reached XP level 2. HP: 25/27 MP: 2/2
   390 | D:1      | Reached skill level 5 in Axes
   460 | D:1      | Reached XP level 3. HP: 33/33 MP: 3/3
  1162 | D:2      | Reached XP level 4. HP: 38/41 MP: 4/4
  1388 | D:2      | Reached skill level 6 in Axes
  2211 | D:3      | Found a radiant altar of Vehumet.
  2347 | D:3      | Reached XP level 5. HP: 47/47 MP: 5/5
  2582 | D:4      | Reached skill level 5 in Fighting
  2721 | D:4      | Reached skill level 7 in Axes
  2721 | D:4      | Reached XP level 6. HP: 45/56 MP: 6/6
  3357 | D:4      | Reached skill level 8 in Axes
  3572 | D:4      | Found a staircase to the Ecumenical Temple.
  3593 | D:4      | Got a crystal whip
  3595 | D:4      | Identified the +6 whip of the Desolation of Salt {freeze,
                  | rElec Stlth+} (You found it on level 4 of the Dungeon)
  3602 | Temple   | Entered the Ecumenical Temple
  3747 | Temple   | Became a worshipper of the Shining One
  3747 | Temple   | Reached * piety under the Shining One
  3747 | Temple   | Reached ** piety under the Shining One
  3784 | D:4      | Found a stormy altar of Qazlal.
  3945 | D:4      | Reached XP level 7. HP: 8/63 MP: 7/7
  4354 | D:5      | Entered Level 5 of the Dungeon
  4443 | D:5      | Noticed Pikel
  4683 | D:5      | Reached skill level 1 in Armour
  4738 | D:5      | Slain by Pikel

Skill      XL: |  1  2  3  4  5  6  7 |
---------------+----------------------+-----
Fighting       | 4 5 6 |  6.0
Axes           | 5 6 7 8 |  8.8
Armour         | 1 |  1.0
Dodging        | |  2.6
Stealth        | |  1.5

Action                   |  1- 3 |  4- 6 |  7- 9 || total
-------------------------+-------+-------+-------++-------
Melee: Hand axe          |   107 |   151 |    80 ||   338
Throw: Stone             |    24 |    96 |     5 ||   125
  Use: Potion            |       |       |     3 ||     3
 Stab: Sleeping          |     1 |       |       ||     1
  Eat: Chunk             |     1 |     7 |     2 ||    10
       Ration            |       |       |     1 ||     1
Armor: Scale mail        |    33 |    19 |       ||    52
       Robe              |     2 |       |       ||     2
       Chain mail        |       |    45 |    25 ||    70
Dodge: Dodged            |    50 |    46 |    27 ||   123
